[ AOE2 MATCH · #461434591 ]
UnrankedLithuanians vs Britons
[ REPLAY ANALYSIS · EXTRACTED FROM THE RECORDED GAME ]
Feudal
11:36
Castle
15:17
Imperial
—
| APM avg | 31.8 |
| APM peak | 78 |
| eAPM avg | 16.1 |
| Villagers / military | 57 / 13 |
Focus
⚔️ 8.6% · 🌾 91.4%
Leitis ×12 · Monk ×1
Feudal
—
Castle
—
Imperial
—
| APM avg | 21.1 |
| APM peak | 45 |
| eAPM avg | 10.5 |
| Villagers / military | 44 / 27 |
Focus
⚔️ 25.5% · 🌾 74.5%
Archer ×23 · Skirmisher ×4
Feudal
11:21
Castle
21:47
Imperial
—
| APM avg | 27.4 |
| APM peak | 45 |
| eAPM avg | 12.4 |
| Villagers / military | 83 / 28 |
Focus
⚔️ 11.4% · 🌾 88.6%
Knight ×23 · Scout Cavalry ×5
Feudal
11:05
Castle
22:09
Imperial
—
| APM avg | 23.7 |
| APM peak | 80 |
| eAPM avg | 14.3 |
| Villagers / military | 69 / 46 |
Focus
⚔️ 23.8% · 🌾 76.2%
Archer ×46
Feudal
12:01
Castle
16:30
Imperial
—
| APM avg | 66.0 |
| APM peak | 117 |
| eAPM avg | 13.3 |
| Villagers / military | 52 / 19 |
Focus
⚔️ 10.6% · 🌾 89.4%
Conquistador ×12 · Knight ×7
Feudal
—
Castle
—
Imperial
—
| APM avg | 31.7 |
| APM peak | 73 |
| eAPM avg | 15.8 |
| Villagers / military | 67 / 20 |
Focus
⚔️ 18.6% · 🌾 81.4%
Spearman ×10 · Skirmisher ×10
Match map
Initial resources + every placement click. Lines = walls · curves = elevation contours. ◆ gold · ⬟ stone · ● berries · ✦ relic · ◌ wall gap
Your base· Open — unwalled flank
hidalgo220's base· Open — 2t gap
Iztacoyolt's base· Open — unwalled flank
aaaaaaa's base· ✓ Closed at 22:09 · 87t walls · 3 gate(s)
JOSSS's base· Open — unwalled flank
desoxido64's base· Open — unwalled flank
Smoothed initial terrain · ◌ = detected wall gap · hover for details
Inputs per minute
— CarameloDe12 - - hidalgo220
Build order — CarameloDe12
147 actions detected in the replay
| 0:08 | Build | House |
| 0:10 | Build | House |
| 0:34 | Create | Villager (Male) |
| 0:35 | Create | Villager (Male) |
| 0:35 | Create | Villager (Male) |
| 0:35 | Create | Villager (Male) |
| 1:30 | Create | Villager (Male) |
| 1:30 | Create | Villager (Male) |
| 2:46 | Build | Lumber Camp |
| 2:54 | Create | Villager (Male) |
| 2:54 | Create | Villager (Male) |
| 2:54 | Create | Villager (Male) |
| 4:02 | Create | Villager (Male) |
| 4:02 | Create | Villager (Male) |
| 4:51 | Build | House |
| 4:56 | Create | Villager (Male) |
| 4:56 | Create | Villager (Male) |
| 5:17 | Build | Mill |
| 5:18 | Create | Villager (Male) |
| 6:25 | Create | Villager (Male) |
| 6:25 | Create | Villager (Male) |
| 6:26 | Create | Villager (Male) |
| 7:00 | Build | House |
| 7:35 | Create | Villager (Male) |
| 7:36 | Create | Villager (Male) |
| 8:16 | Build | Mill |
| 8:21 | Create | Villager (Male) |
| 8:22 | Create | Villager (Male) |
| 9:09 | Build | Mining Camp |
| 9:13 | Research | Feudal Age |
| 10:06 | Build | House |
| 10:46 | Create | Villager (Male) |
| 10:46 | Create | Villager (Male) |
| 11:06 | Research | Loom |
| 11:36 | Age | Feudal Age |
| 11:40 | Build | Market |
| 11:51 | Build | Blacksmith |
| 12:37 | Research | Castle Age |
| 12:55 | Build | Mining Camp |
| 13:11 | Build | Lumber Camp |
| 13:25 | Research | Double-Bit Axe |
| 13:30 | Research | Horse Collar |
| 13:42 | Build | Palisade Wall |
| 13:46 | Build | Palisade Wall |
| 13:55 | Build | Palisade Gate |
| 15:17 | Age | Castle Age |
| 15:18 | Create | Villager (Male) |
| 15:38 | Research | Loom |
| 16:02 | Build | Town Center |
| 16:42 | Create | Villager (Male) |
| 16:42 | Create | Villager (Male) |
| 16:42 | Create | Villager (Male) |
| 16:47 | Build | House |
| 16:48 | Build | House |
| 16:50 | Build | House |
| 16:51 | Build | House |
| 17:00 | Create | Villager (Male) |
| 17:00 | Create | Villager (Male) |
| 17:21 | Build | Farm |
| 17:33 | Build | Farm |
| 17:37 | Build | Farm |
| 18:30 | Create | Villager (Male) |
| 19:01 | Build | Farm |
| 19:01 | Build | Farm |
| 19:06 | Build | Farm |
| 19:07 | Build | Farm |
| 19:08 | Build | Farm |
| 19:13 | Build | Farm |
| 19:31 | Create | Villager (Male) |
| 20:00 | Create | Villager (Male) |
| 20:06 | Build | Farm |
| 20:25 | Build | Castle |
| 20:30 | Create | Villager (Male) |
| 20:31 | Create | Villager (Male) |
| 21:04 | Create | Villager (Male) |
| 21:05 | Create | Villager (Male) |
| 21:09 | Build | Farm |
| 21:40 | Build | Town Center |
| 21:43 | Build | Farm |
| 21:46 | Create | Leitis |
| 21:46 | Create | Leitis |
| 22:05 | Create | Villager (Male) |
| 22:34 | Create | Leitis |
| 22:41 | Build | Farm |
| 22:50 | Create | Villager (Male) |
| 22:50 | Create | Villager (Male) |
| 22:50 | Create | Villager (Male) |
| 22:59 | Build | Farm |
| 23:00 | Build | Farm |
| 23:15 | Build | Farm |
| 23:15 | Build | Farm |
| 23:16 | Build | Farm |
| 23:19 | Create | Villager (Male) |
| 23:19 | Create | Villager (Male) |
| 23:19 | Create | Villager (Male) |
| 23:29 | Create | Villager (Male) |
| 23:29 | Create | Villager (Male) |
| 23:39 | Create | Villager (Male) |
| 23:45 | Build | Farm |
| 24:33 | Research | Forging |
| 24:33 | Research | Scale Barding Armor |
| 24:35 | Create | Villager (Male) |
| 24:35 | Create | Villager (Male) |
| 24:35 | Create | Villager (Male) |
| 24:40 | Create | Villager (Male) |
| 25:03 | Build | Farm |
| 25:03 | Build | Farm |
| 25:03 | Build | Farm |
| 25:06 | Create | Villager (Male) |
| 25:06 | Create | Villager (Male) |
| 25:11 | Build | Monastery |
| 25:13 | Create | Villager (Male) |
| 25:13 | Create | Villager (Male) |
| 25:53 | Create | Leitis |
| 25:53 | Create | Leitis |
| 25:54 | Create | Leitis |
| 26:07 | Create | Monk |
| 26:13 | Research | Scale Barding Armor |
| 26:29 | Build | Barracks |
| 26:56 | Research | Iron Casting |
| 27:06 | Create | Villager (Male) |
| 27:07 | Create | Villager (Male) |
| 27:09 | Create | Villager (Male) |
| 27:15 | Build | Farm |
| 27:15 | Build | Farm |
| 27:16 | Build | Farm |
| 27:16 | Build | Farm |
| 27:22 | Build | Farm |
| 27:22 | Build | Farm |
| 27:22 | Build | Farm |
| 27:23 | Build | Farm |
| 27:23 | Build | Farm |
| 27:23 | Build | Farm |
| 27:23 | Build | Farm |
| 27:24 | Build | Farm |
| 27:24 | Build | Farm |
| 27:28 | Build | Farm |
| 27:28 | Build | Farm |
| 27:29 | Build | Farm |
| 27:29 | Build | Farm |
| 27:29 | Build | Farm |
| 27:32 | Create | Leitis |
| 27:32 | Create | Leitis |
| 28:09 | Create | Leitis |
| 28:10 | Create | Leitis |
| 28:11 | Create | Leitis |
| 28:12 | Create | Leitis |
Build order — hidalgo220
129 actions detected in the replay
| 0:01 | Create | Villager (Male) |
| 0:01 | Create | Villager (Male) |
| 0:02 | Create | Villager (Male) |
| 0:03 | Build | House |
| 0:04 | Build | House |
| 0:35 | Create | Villager (Male) |
| 1:32 | Create | Villager (Male) |
| 1:32 | Create | Villager (Male) |
| 2:09 | Create | Villager (Male) |
| 2:10 | Create | Villager (Male) |
| 2:26 | Create | Villager (Male) |
| 2:26 | Create | Villager (Male) |
| 2:38 | Create | Villager (Male) |
| 2:39 | Create | Villager (Male) |
| 3:03 | Create | Villager (Male) |
| 3:03 | Create | Villager (Male) |
| 3:03 | Create | Villager (Male) |
| 3:14 | Build | Lumber Camp |
| 3:36 | Build | House |
| 3:51 | Create | Villager (Male) |
| 3:51 | Create | Villager (Male) |
| 4:16 | Build | Mill |
| 5:21 | Research | Loom |
| 5:48 | Create | Villager (Male) |
| 5:49 | Create | Villager (Male) |
| 6:02 | Create | Villager (Male) |
| 6:16 | Create | Villager (Male) |
| 7:21 | Create | Villager (Male) |
| 7:34 | Build | House |
| 7:56 | Create | Villager (Male) |
| 7:59 | Build | Lumber Camp |
| 8:39 | Research | Feudal Age |
| 9:13 | Build | Barracks |
| 9:17 | Build | House |
| 9:23 | Create | Villager (Male) |
| 9:24 | Create | Villager (Male) |
| 9:36 | Build | Mining Camp |
| 11:23 | Create | Villager (Male) |
| 11:29 | Build | Archery Range |
| 11:34 | Create | Villager (Male) |
| 11:46 | Build | Archery Range |
| 11:55 | Create | Villager (Male) |
| 12:28 | Create | Villager (Male) |
| 12:28 | Create | Villager (Male) |
| 12:32 | Create | Archer |
| 12:32 | Create | Archer |
| 12:32 | Create | Archer |
| 13:19 | Create | Villager (Male) |
| 13:20 | Create | Villager (Male) |
| 13:27 | Build | Farm |
| 13:27 | Build | Farm |
| 13:31 | Create | Archer |
| 13:31 | Create | Archer |
| 13:39 | Build | House |
| 13:40 | Build | House |
| 13:43 | Build | House |
| 14:00 | Build | Mill |
| 14:21 | Create | Villager (Male) |
| 14:24 | Create | Archer |
| 14:24 | Create | Archer |
| 14:46 | Create | Archer |
| 14:46 | Create | Archer |
| 14:55 | Build | Blacksmith |
| 15:00 | Create | Archer |
| 15:09 | Create | Villager (Male) |
| 15:09 | Create | Villager (Male) |
| 15:50 | Build | House |
| 16:05 | Research | Fletching |
| 16:08 | Build | House |
| 16:52 | Create | Villager (Male) |
| 16:52 | Create | Villager (Male) |
| 16:57 | Build | House |
| 17:01 | Build | Market |
| 17:23 | Create | Skirmisher |
| 17:23 | Create | Skirmisher |
| 17:26 | Create | Skirmisher |
| 17:26 | Create | Skirmisher |
| 17:31 | Build | House |
| 17:38 | Build | Palisade Wall |
| 17:54 | Research | Padded Archer Armor |
| 17:59 | Create | Villager (Male) |
| 18:00 | Create | Villager (Male) |
| 18:04 | Build | Farm |
| 18:04 | Build | Farm |
| 18:05 | Build | Farm |
| 18:05 | Build | Farm |
| 18:05 | Build | Farm |
| 18:05 | Build | Farm |
| 18:06 | Build | Farm |
| 18:20 | Build | Palisade Wall |
| 18:32 | Create | Archer |
| 18:33 | Create | Archer |
| 18:36 | Create | Archer |
| 18:37 | Create | Archer |
| 20:57 | Create | Archer |
| 20:57 | Create | Archer |
| 20:57 | Create | Archer |
| 21:13 | Create | Villager (Male) |
| 21:13 | Create | Villager (Male) |
| 21:19 | Build | Farm |
| 21:19 | Build | Farm |
| 21:20 | Build | Farm |
| 21:30 | Build | Farm |
| 21:30 | Build | Farm |
| 21:30 | Build | Farm |
| 21:30 | Build | Farm |
| 21:46 | Build | House |
| 22:04 | Build | Palisade Wall |
| 22:13 | Build | House |
| 22:22 | Build | Stable |
| 22:29 | Build | Palisade Wall |
| 22:37 | Create | Archer |
| 22:37 | Create | Archer |
| 22:38 | Create | Archer |
| 22:57 | Build | Stone Wall |
| 23:09 | Create | Archer |
| 23:09 | Create | Archer |
| 23:26 | Build | Gate |
| 23:29 | Create | Villager (Male) |
| 23:30 | Create | Villager (Male) |
| 23:30 | Create | Villager (Male) |
| 23:39 | Create | Archer |
| 24:11 | Research | Horse Collar |
| 24:19 | Build | Farm |
| 25:07 | Build | Farm |
| 25:33 | Build | Farm |
| 26:18 | Research | Castle Age |
| 26:31 | Build | Palisade Wall |
| 26:36 | Build | Lumber Camp |
Build order — Iztacoyolt
First 150 of 190 actions detected
| 0:00 | Create | Villager (Male) |
| 0:01 | Create | Villager (Male) |
| 0:02 | Build | House |
| 0:05 | Build | House |
| 0:47 | Create | Villager (Male) |
| 0:47 | Create | Villager (Male) |
| 0:47 | Create | Villager (Male) |
| 1:28 | Create | Villager (Male) |
| 1:28 | Create | Villager (Male) |
| 1:29 | Create | Villager (Male) |
| 1:54 | Build | Lumber Camp |
| 2:01 | Create | Villager (Male) |
| 2:01 | Create | Villager (Male) |
| 2:01 | Create | Villager (Male) |
| 2:24 | Create | Villager (Male) |
| 2:24 | Create | Villager (Male) |
| 2:48 | Create | Villager (Male) |
| 2:49 | Create | Villager (Male) |
| 3:02 | Create | Villager (Male) |
| 3:10 | Build | House |
| 3:11 | Build | House |
| 3:36 | Create | Villager (Male) |
| 3:37 | Create | Villager (Male) |
| 3:55 | Create | Villager (Male) |
| 3:56 | Create | Villager (Male) |
| 3:56 | Create | Villager (Male) |
| 4:13 | Build | House |
| 4:14 | Build | House |
| 4:21 | Create | Villager (Male) |
| 4:58 | Research | Loom |
| 5:18 | Build | Mill |
| 5:19 | Create | Villager (Male) |
| 5:31 | Research | Double-Bit Axe |
| 5:31 | Research | Double-Bit Axe |
| 5:31 | Research | Double-Bit Axe |
| 5:49 | Create | Villager (Male) |
| 6:07 | Create | Villager (Male) |
| 6:08 | Create | Villager (Male) |
| 6:28 | Create | Villager (Male) |
| 7:00 | Create | Villager (Male) |
| 7:01 | Create | Villager (Male) |
| 7:44 | Build | Mining Camp |
| 7:51 | Research | Wheelbarrow |
| 8:43 | Build | Mill |
| 9:01 | Create | Villager (Male) |
| 9:06 | Research | Feudal Age |
| 9:16 | Research | Horse Collar |
| 10:07 | Build | Lumber Camp |
| 10:13 | Create | Villager (Male) |
| 10:13 | Create | Villager (Male) |
| 10:17 | Build | Farm |
| 10:25 | Research | Gold Mining |
| 10:57 | Create | Villager (Male) |
| 11:21 | Age | Feudal Age |
| 11:36 | Build | Barracks |
| 11:45 | Create | Villager (Male) |
| 12:00 | Research | Bow Saw |
| 12:00 | Research | Bow Saw |
| 12:38 | Build | Stable |
| 12:41 | Create | Villager (Male) |
| 12:45 | Build | Farm |
| 13:12 | Create | Villager (Male) |
| 13:20 | Build | House |
| 13:21 | Build | House |
| 13:36 | Research | Heavy Plow |
| 13:38 | Research | Gold Shaft Mining |
| 13:55 | Create | Villager (Male) |
| 13:56 | Create | Villager (Male) |
| 13:57 | Create | Villager (Male) |
| 14:05 | Build | Farm |
| 14:37 | Create | Villager (Male) |
| 14:42 | Research | Hand Cart |
| 14:59 | Build | Farm |
| 15:39 | Create | Villager (Male) |
| 16:01 | Build | Farm |
| 16:01 | Build | Farm |
| 16:01 | Build | Farm |
| 16:09 | Build | Blacksmith |
| 16:15 | Build | Farm |
| 16:16 | Build | Farm |
| 16:16 | Build | Farm |
| 16:16 | Build | Farm |
| 16:16 | Build | Farm |
| 16:33 | Create | Villager (Male) |
| 16:47 | Build | Farm |
| 17:00 | Build | Farm |
| 17:05 | Build | Farm |
| 17:06 | Build | Farm |
| 17:06 | Build | Farm |
| 17:06 | Build | Farm |
| 17:06 | Build | Farm |
| 17:27 | Create | Villager (Male) |
| 17:27 | Create | Villager (Male) |
| 17:29 | Build | Farm |
| 17:32 | Build | Farm |
| 17:43 | Build | Farm |
| 18:10 | Create | Villager (Male) |
| 18:24 | Build | Farm |
| 18:42 | Create | Villager (Male) |
| 18:52 | Build | House |
| 19:07 | Research | Castle Age |
| 19:22 | Build | Stable |
| 19:36 | Build | House |
| 19:37 | Build | House |
| 19:42 | Build | Lumber Camp |
| 19:47 | Research | Stone Mining |
| 19:47 | Research | Stone Mining |
| 20:08 | Research | Town Watch |
| 20:09 | Research | Scale Barding Armor |
| 20:10 | Research | Forging |
| 20:24 | Build | House |
| 20:25 | Build | House |
| 21:18 | Build | House |
| 21:47 | Age | Castle Age |
| 22:03 | Build | Town Center |
| 22:12 | Research | Cavalier (upgrade) |
| 22:15 | Create | Knight |
| 22:16 | Create | Knight |
| 22:19 | Create | Villager (Male) |
| 22:19 | Create | Villager (Male) |
| 22:19 | Create | Villager (Male) |
| 22:30 | Build | House |
| 22:52 | Create | Knight ×4 |
| 22:52 | Create | Scout Cavalry ×5 |
| 23:02 | Build | Town Center |
| 23:06 | Research | Two-Man Saw |
| 23:07 | Research | Crop Rotation |
| 23:11 | Create | Villager (Male) |
| 23:11 | Create | Villager (Male) |
| 23:11 | Create | Villager (Male) |
| 23:12 | Create | Villager (Male) |
| 23:27 | Create | Villager (Male) |
| 23:28 | Create | Villager (Male) |
| 23:31 | Build | Farm |
| 23:57 | Research | Scale Barding Armor |
| 24:10 | Create | Villager (Male) |
| 24:19 | Build | Stable |
| 25:10 | Create | Knight ×5 |
| 25:11 | Create | Villager (Male) |
| 25:12 | Create | Villager (Male) |
| 25:12 | Create | Villager (Male) |
| 25:14 | Build | Farm |
| 25:14 | Build | Farm |
| 25:24 | Build | Market |
| 25:25 | Create | Knight |
| 25:25 | Create | Knight |
| 25:28 | Create | Villager (Male) |
| 25:28 | Create | Villager (Male) |
| 25:59 | Create | Knight ×4 |
| 26:00 | Create | Villager (Male) |
Build order — aaaaaaa
First 150 of 196 actions detected
| 0:03 | Create | Villager (Male) |
| 0:03 | Create | Villager (Male) |
| 0:06 | Build | House |
| 0:07 | Build | House |
| 0:33 | Create | Villager (Male) |
| 0:33 | Create | Villager (Male) |
| 0:33 | Create | Villager (Male) |
| 1:28 | Create | Villager (Male) |
| 1:28 | Create | Villager (Male) |
| 1:50 | Build | Lumber Camp |
| 2:11 | Create | Villager (Male) |
| 2:11 | Create | Villager (Male) |
| 2:39 | Create | Villager (Male) |
| 2:39 | Create | Villager (Male) |
| 3:02 | Create | Villager (Male) |
| 3:02 | Create | Villager (Male) |
| 3:28 | Create | Villager (Male) |
| 3:29 | Create | Villager (Male) |
| 3:53 | Create | Villager (Male) |
| 3:54 | Create | Villager (Male) |
| 4:07 | Build | House |
| 4:16 | Build | House |
| 4:22 | Create | Villager (Male) |
| 4:22 | Create | Villager (Male) |
| 4:29 | Build | Mill |
| 4:45 | Create | Villager (Male) |
| 4:45 | Create | Villager (Male) |
| 5:09 | Create | Villager (Male) |
| 5:10 | Create | Villager (Male) |
| 5:37 | Create | Villager (Male) |
| 5:37 | Create | Villager (Male) |
| 5:38 | Create | Villager (Male) |
| 6:06 | Create | Villager (Male) |
| 6:08 | Create | Villager (Male) |
| 6:09 | Create | Villager (Male) |
| 6:35 | Build | Lumber Camp |
| 6:42 | Build | House |
| 6:45 | Build | Palisade Wall |
| 6:50 | Create | Villager (Male) |
| 6:50 | Create | Villager (Male) |
| 7:08 | Create | Villager (Male) |
| 7:08 | Create | Villager (Male) |
| 7:18 | Build | Mill |
| 7:32 | Create | Villager (Male) |
| 7:33 | Create | Villager (Male) |
| 7:58 | Research | Loom |
| 8:11 | Build | Mining Camp |
| 8:55 | Research | Feudal Age |
| 9:26 | Create | Villager (Male) |
| 9:26 | Create | Villager (Male) |
| 10:19 | Build | Barracks |
| 10:23 | Build | Palisade Wall |
| 10:57 | Build | House |
| 10:58 | Build | House |
| 11:05 | Age | Feudal Age |
| 11:20 | Build | Archery Range |
| 11:23 | Build | Archery Range |
| 11:40 | Build | Palisade Gate |
| 11:48 | Build | Palisade Wall |
| 11:53 | Create | Villager (Male) |
| 11:53 | Create | Villager (Male) |
| 11:54 | Research | Double-Bit Axe |
| 12:07 | Build | House |
| 12:09 | Build | House |
| 12:29 | Create | Archer |
| 12:29 | Create | Archer |
| 12:29 | Create | Archer |
| 12:30 | Create | Archer |
| 12:44 | Create | Archer |
| 12:44 | Create | Archer |
| 12:45 | Create | Archer |
| 12:47 | Create | Villager (Male) |
| 12:47 | Create | Villager (Male) |
| 12:47 | Create | Villager (Male) |
| 12:48 | Create | Villager (Male) |
| 12:50 | Build | Farm |
| 12:51 | Create | Villager (Male) |
| 12:52 | Create | Villager (Male) |
| 12:52 | Create | Villager (Male) |
| 13:00 | Build | Farm |
| 13:10 | Build | Palisade Wall |
| 13:11 | Create | Villager (Male) |
| 13:15 | Build | Farm |
| 13:21 | Create | Archer |
| 13:22 | Create | Archer |
| 13:44 | Build | Blacksmith |
| 13:48 | Create | Villager (Male) |
| 14:10 | Build | Farm |
| 14:11 | Build | Farm |
| 14:11 | Build | Farm |
| 14:20 | Build | Palisade Gate |
| 14:25 | Build | House |
| 14:25 | Build | House |
| 14:27 | Build | House |
| 14:29 | Build | House |
| 14:32 | Create | Villager (Male) |
| 14:32 | Create | Villager (Male) |
| 14:44 | Build | Palisade Wall |
| 14:46 | Build | Palisade Wall |
| 14:51 | Build | Palisade Gate |
| 14:59 | Build | Farm |
| 15:00 | Build | Farm |
| 15:00 | Build | Farm |
| 15:00 | Build | Farm |
| 15:00 | Build | Farm |
| 15:01 | Build | Farm |
| 15:01 | Build | Farm |
| 15:02 | Build | Farm |
| 15:02 | Build | Farm |
| 15:07 | Create | Archer |
| 15:09 | Create | Archer |
| 15:27 | Build | Farm |
| 15:34 | Create | Archer |
| 15:35 | Create | Archer |
| 15:41 | Build | Farm |
| 16:02 | Build | Farm |
| 16:02 | Build | Farm |
| 16:02 | Build | Farm |
| 16:03 | Build | Farm |
| 16:03 | Build | Farm |
| 16:03 | Build | Farm |
| 16:11 | Create | Archer |
| 16:11 | Create | Archer |
| 16:12 | Create | Archer |
| 16:13 | Create | Archer |
| 16:26 | Build | Palisade Wall |
| 16:27 | Build | Palisade Wall |
| 16:41 | Research | Padded Archer Armor |
| 16:41 | Research | Fletching |
| 16:44 | Build | Farm |
| 16:49 | Create | Archer ×2 |
| 16:49 | Create | Archer ×2 |
| 17:20 | Create | Villager (Male) |
| 17:22 | Build | Farm |
| 17:25 | Build | Farm |
| 17:27 | Build | Farm |
| 17:28 | Build | Farm |
| 17:30 | Create | Villager (Male) |
| 17:30 | Create | Villager (Male) |
| 18:15 | Build | House |
| 18:26 | Build | Farm |
| 18:29 | Build | Farm |
| 18:31 | Build | Farm |
| 18:32 | Build | Farm |
| 18:32 | Build | Farm |
| 18:39 | Create | Villager (Male) |
| 18:40 | Create | Villager (Male) |
| 19:04 | Research | Castle Age |
| 19:15 | Build | House |
| 19:16 | Build | House |
Build order — JOSSS
134 actions detected in the replay
| 0:01 | Create | Villager (Male) |
| 0:01 | Create | Villager (Male) |
| 0:04 | Build | House |
| 0:06 | Build | House |
| 0:17 | Create | Villager (Male) |
| 0:18 | Create | Villager (Male) |
| 0:18 | Create | Villager (Male) |
| 1:30 | Create | Villager (Male) |
| 1:30 | Create | Villager (Male) |
| 2:11 | Create | Villager (Male) |
| 2:11 | Create | Villager (Male) |
| 2:21 | Create | Villager (Male) |
| 2:22 | Create | Villager (Male) |
| 3:16 | Create | Villager (Male) |
| 3:34 | Research | Loom |
| 3:34 | Research | Loom |
| 4:09 | Create | Villager (Male) |
| 4:09 | Create | Villager (Male) |
| 4:29 | Create | Villager (Male) |
| 4:29 | Create | Villager (Male) |
| 4:37 | Build | House |
| 4:38 | Build | House |
| 4:59 | Create | Villager (Male) |
| 4:59 | Create | Villager (Male) |
| 5:02 | Build | Lumber Camp |
| 5:42 | Create | Villager (Male) |
| 5:42 | Create | Villager (Male) |
| 6:38 | Build | Mill |
| 6:43 | Create | Villager (Male) |
| 6:44 | Build | Mining Camp |
| 7:08 | Create | Villager (Male) |
| 7:08 | Create | Villager (Male) |
| 7:28 | Create | Villager (Male) |
| 7:37 | Build | Farm |
| 8:05 | Build | Farm |
| 8:09 | Create | Villager (Male) |
| 8:09 | Create | Villager (Male) |
| 8:39 | Build | Farm |
| 8:41 | Create | Villager (Male) |
| 8:59 | Build | Farm |
| 9:07 | Create | Villager (Male) |
| 9:51 | Research | Feudal Age |
| 9:51 | Research | Feudal Age |
| 10:14 | Build | House |
| 10:15 | Build | House |
| 10:16 | Build | House |
| 11:48 | Build | Mill |
| 12:01 | Age | Feudal Age |
| 12:09 | Create | Villager (Male) |
| 12:10 | Create | Villager (Male) |
| 12:21 | Build | Blacksmith |
| 12:24 | Build | Market |
| 12:37 | Build | Farm |
| 12:47 | Create | Villager (Male) |
| 13:12 | Create | Villager (Male) |
| 13:27 | Build | Farm |
| 13:38 | Build | Mining Camp |
| 13:50 | Research | Castle Age |
| 13:51 | Research | Castle Age |
| 16:30 | Age | Castle Age |
| 16:33 | Research | Wheelbarrow |
| 16:37 | Research | Double-Bit Axe |
| 16:37 | Research | Double-Bit Axe |
| 16:38 | Research | Double-Bit Axe |
| 16:43 | Build | House |
| 16:45 | Build | House |
| 16:46 | Build | House |
| 17:14 | Research | Town Watch |
| 17:31 | Build | Castle |
| 17:38 | Create | Villager (Male) |
| 18:06 | Create | Villager (Male) |
| 18:14 | Build | Barracks |
| 18:16 | Create | Villager (Male) |
| 18:17 | Create | Villager (Male) |
| 18:40 | Build | Mining Camp |
| 18:43 | Research | Scale Barding Armor |
| 19:00 | Build | Farm |
| 19:10 | Create | Conquistador |
| 19:21 | Build | Stable |
| 19:31 | Create | Conquistador |
| 19:36 | Create | Conquistador |
| 19:54 | Build | Farm |
| 19:56 | Build | Farm |
| 20:00 | Create | Conquistador |
| 20:04 | Build | Farm |
| 20:12 | Build | Farm |
| 20:35 | Create | Conquistador |
| 20:46 | Create | Villager (Male) |
| 20:49 | Build | Farm |
| 20:57 | Create | Villager (Male) |
| 21:03 | Build | Farm |
| 21:14 | Create | Conquistador |
| 21:24 | Build | Farm |
| 21:26 | Create | Villager (Male) |
| 21:49 | Create | Conquistador |
| 21:49 | Create | Conquistador |
| 22:06 | Create | Knight |
| 22:06 | Create | Knight |
| 22:13 | Create | Villager (Male) |
| 22:16 | Build | Farm |
| 22:16 | Build | Farm |
| 22:34 | Create | Villager (Male) |
| 22:38 | Create | Knight |
| 22:53 | Build | Farm |
| 22:59 | Create | Knight |
| 23:21 | Create | Knight |
| 23:24 | Create | Villager (Male) |
| 23:24 | Create | Villager (Male) |
| 23:26 | Build | Farm |
| 23:27 | Build | Farm |
| 23:29 | Create | Villager (Male) |
| 23:59 | Create | Knight |
| 24:00 | Create | Conquistador |
| 24:28 | Create | Villager (Male) |
| 24:28 | Create | Conquistador |
| 24:37 | Create | Knight |
| 24:40 | Build | Farm |
| 24:41 | Create | Villager (Male) |
| 24:55 | Create | Villager (Male) |
| 24:55 | Create | Villager (Male) |
| 24:58 | Build | House |
| 25:01 | Build | Mining Camp |
| 25:17 | Create | Conquistador |
| 25:17 | Create | Conquistador |
| 26:02 | Create | Villager (Male) |
| 26:08 | Build | Farm |
| 26:19 | Create | Villager (Male) |
| 26:19 | Create | Villager (Male) |
| 26:24 | Build | Lumber Camp |
| 26:42 | Create | Villager (Male) |
| 26:50 | Research | Bow Saw |
| 26:50 | Research | Bow Saw |
| 27:15 | Research | Forging |
| 27:16 | Research | Forging |
Build order — desoxido64
148 actions detected in the replay
| 0:04 | Build | House |
| 0:07 | Create | Villager (Male) |
| 0:08 | Create | Villager (Male) |
| 0:10 | Build | House |
| 0:13 | Research | Loom |
| 0:14 | Create | Villager (Male) |
| 0:16 | Create | Villager (Male) |
| 0:16 | Create | Villager (Male) |
| 1:38 | Create | Villager (Male) |
| 1:39 | Create | Villager (Male) |
| 2:22 | Create | Villager (Male) |
| 2:22 | Create | Villager (Male) |
| 2:23 | Create | Villager (Male) |
| 2:56 | Create | Villager (Male) |
| 2:56 | Create | Villager (Male) |
| 3:11 | Build | Lumber Camp |
| 4:02 | Create | Villager (Male) |
| 4:02 | Create | Villager (Male) |
| 4:22 | Create | Villager (Male) |
| 4:22 | Create | Villager (Male) |
| 4:49 | Create | Villager (Male) |
| 4:50 | Create | Villager (Male) |
| 4:53 | Build | House |
| 4:57 | Build | House |
| 5:31 | Create | Villager (Male) |
| 5:32 | Create | Villager (Male) |
| 5:32 | Create | Villager (Male) |
| 5:55 | Create | Villager (Male) |
| 5:56 | Create | Villager (Male) |
| 6:19 | Create | Villager (Male) |
| 6:20 | Create | Villager (Male) |
| 6:27 | Build | Palisade Wall |
| 6:35 | Create | Villager (Male) |
| 6:35 | Create | Villager (Male) |
| 6:36 | Create | Villager (Male) |
| 6:43 | Create | Villager (Male) |
| 6:43 | Create | Villager (Male) |
| 7:08 | Build | Mill |
| 7:10 | Create | Villager (Male) |
| 7:10 | Create | Villager (Male) |
| 7:25 | Create | Villager (Male) |
| 7:26 | Create | Villager (Male) |
| 8:06 | Create | Villager (Male) |
| 8:47 | Create | Villager (Male) |
| 8:59 | Build | House |
| 9:13 | Research | Feudal Age |
| 9:51 | Build | House |
| 11:37 | Build | Barracks |
| 11:50 | Build | House |
| 11:56 | Build | Palisade Wall |
| 12:05 | Create | Spearman |
| 12:05 | Create | Spearman |
| 12:24 | Build | House |
| 12:29 | Build | Palisade Wall |
| 12:42 | Build | Market |
| 13:21 | Create | Spearman |
| 13:21 | Create | Spearman |
| 13:31 | Build | Blacksmith |
| 13:37 | Create | Villager (Male) |
| 13:37 | Create | Villager (Male) |
| 14:01 | Create | Villager (Male) |
| 14:06 | Build | Farm |
| 14:09 | Build | Farm |
| 14:12 | Build | Farm |
| 14:21 | Build | Mining Camp |
| 14:35 | Build | Farm |
| 14:38 | Create | Villager (Male) |
| 14:38 | Create | Villager (Male) |
| 14:41 | Build | Farm |
| 14:44 | Build | Farm |
| 14:46 | Create | Villager (Male) |
| 15:08 | Build | Farm |
| 15:11 | Build | Farm |
| 15:15 | Build | Farm |
| 15:32 | Create | Villager (Male) |
| 15:32 | Create | Villager (Male) |
| 15:33 | Create | Villager (Male) |
| 15:43 | Build | Mill |
| 15:57 | Create | Villager (Male) |
| 16:03 | Build | Farm |
| 16:45 | Build | Farm |
| 16:49 | Create | Villager (Male) |
| 16:49 | Create | Villager (Male) |
| 17:13 | Build | Archery Range |
| 17:26 | Create | Villager (Male) |
| 17:38 | Research | Castle Age |
| 18:21 | Build | House |
| 18:24 | Build | House |
| 18:35 | Create | Skirmisher |
| 18:35 | Create | Skirmisher |
| 18:45 | Research | Gold Mining |
| 19:07 | Create | Skirmisher |
| 19:30 | Build | House |
| 19:59 | Create | Spearman |
| 19:59 | Create | Spearman |
| 20:05 | Research | Fletching |
| 20:13 | Build | House |
| 20:16 | Build | House |
| 20:25 | Research | Double-Bit Axe |
| 20:46 | Build | Town Center |
| 21:01 | Create | Villager (Male) |
| 21:01 | Create | Villager (Male) |
| 21:08 | Build | House |
| 21:14 | Research | Bodkin Arrow |
| 21:19 | Create | Skirmisher ×5 |
| 21:26 | Research | Pikeman (upgrade) |
| 21:39 | Build | Stone Wall |
| 21:59 | Research | Elite Skirmisher (upgrade) |
| 22:13 | Create | Villager (Male) |
| 22:13 | Create | Villager (Male) |
| 22:13 | Create | Villager (Male) |
| 22:17 | Research | Wheelbarrow |
| 22:18 | Create | Villager (Male) |
| 22:30 | Build | Farm |
| 22:31 | Build | Farm |
| 22:32 | Create | Villager (Male) |
| 22:33 | Create | Villager (Male) |
| 22:45 | Create | Villager (Male) |
| 22:45 | Create | Villager (Male) |
| 23:39 | Build | Farm |
| 23:40 | Build | Farm |
| 23:40 | Build | Farm |
| 23:40 | Build | Farm |
| 23:40 | Build | Farm |
| 23:41 | Build | Farm |
| 23:41 | Build | Farm |
| 23:42 | Build | Farm |
| 24:02 | Research | Padded Archer Armor |
| 24:06 | Build | Farm |
| 24:07 | Build | Farm |
| 24:10 | Create | Villager (Male) |
| 24:10 | Create | Villager (Male) |
| 24:15 | Create | Villager (Male) |
| 24:15 | Create | Villager (Male) |
| 24:32 | Build | Farm |
| 24:33 | Build | Farm |
| 24:47 | Create | Spearman ×2 |
| 26:14 | Create | Skirmisher |
| 26:14 | Create | Skirmisher |
| 26:51 | Build | Archery Range |
| 27:00 | Create | Villager (Male) |
| 27:00 | Create | Villager (Male) |
| 27:19 | Create | Villager (Male) |
| 27:19 | Create | Villager (Male) |
| 27:42 | Build | Castle |
| 27:58 | Build | Farm |
| 27:59 | Build | Farm |
| 28:07 | Create | Spearman ×2 |
Match timeline
| 6:27 | desoxido64 · wall_segment Palisade Wall x1 |
| 6:45 | aaaaaaa · wall_segment Palisade Wall x5 |
| 9:13 | hidalgo220 · first_building Barracks |
| 10:19 | aaaaaaa · first_building Barracks |
| 10:23 | aaaaaaa · wall_segment Palisade Wall x3 |
| 11:05 | aaaaaaa · age_up feudal |
| 11:20 | aaaaaaa · first_building Archery Range |
| 11:21 | Iztacoyolt · age_up feudal |
| 11:29 | hidalgo220 · first_building Archery Range |
| 11:36 | Iztacoyolt · first_building Barracks |
| 11:36 | CarameloDe12 · age_up feudal |
| 11:37 | desoxido64 · first_building Barracks |
| 11:48 | aaaaaaa · wall_segment Palisade Wall x3 |
| 11:56 | desoxido64 · wall_segment Palisade Wall x1 |
| 12:01 | JOSSS · age_up feudal |
| 12:29 | desoxido64 · wall_segment Palisade Wall x1 |
| 12:38 | Iztacoyolt · first_building Stable |
| 13:10 | aaaaaaa · wall_segment Palisade Wall x7 |
| 13:42 | CarameloDe12 · wall_segment Palisade Wall x4 |
| 13:46 | CarameloDe12 · wall_segment Palisade Wall x7 |
| 14:44 | aaaaaaa · wall_segment Palisade Wall x11 |
| 14:46 | aaaaaaa · wall_segment Palisade Wall x11 |
| 15:17 | CarameloDe12 · age_up castle |
| 16:26 | aaaaaaa · wall_segment Palisade Wall x16 |
| 16:27 | aaaaaaa · wall_segment Palisade Wall x10 |
| 16:30 | JOSSS · age_up castle |
| 17:13 | desoxido64 · first_building Archery Range |
| 17:31 | JOSSS · first_building Castle |
| 17:35 | desoxido64 · first_market_sell 100 wood |
| 17:38 | hidalgo220 · wall_segment Palisade Wall x9 |
| 18:14 | JOSSS · first_building Barracks |
| 18:20 | hidalgo220 · wall_segment Palisade Wall x20 |
| 19:09 | JOSSS · first_market_buy 100 food |
| 19:21 | JOSSS · first_building Stable |
| 20:25 | CarameloDe12 · first_building Castle |
| 21:15 | aaaaaaa · wall_segment Palisade Wall x10 |
| 21:17 | aaaaaaa · wall_segment Palisade Wall x8 |
| 21:20 | aaaaaaa · wall_segment Palisade Wall x10 |
| 21:39 | desoxido64 · wall_segment Stone Wall x15 |
| 21:47 | Iztacoyolt · age_up castle |
| 22:04 | hidalgo220 · wall_segment Palisade Wall x12 |
| 22:09 | aaaaaaa · age_up castle |
| 22:22 | hidalgo220 · first_building Stable |
| 22:29 | hidalgo220 · wall_segment Palisade Wall x7 |
| 22:57 | hidalgo220 · wall_segment Stone Wall x3 |
| 25:05 | desoxido64 · first_market_buy 100 wood |
| 25:11 | CarameloDe12 · first_building Monastery |
| 26:29 | CarameloDe12 · first_building Barracks |
| 26:31 | hidalgo220 · wall_segment Palisade Wall x1 |
| 27:42 | desoxido64 · first_building Castle |
| 28:09 | aaaaaaa · resign |
[ AI ANALYSIS · 1 CREDIT ]
What really happened in this match?
Wolo.gg analyzes every decision: build order, eco, micro, common mistakes by bracket. Personalized analysis on WhatsApp or Discord in 30 seconds.
Civ guide
Lithuanians
Perfil
Jugador #19501239